 Dungeon Crawl Stone Soup version 0.31.0-1-g2c135a0 (webtiles) character file.

Game seed: 11781520954263086935

4696 mezmerelda the Blocker (level 10, -2/86 HPs)
             Began as a Hill Orc Fighter on Mar 6, 2024.
             Was an Elder of Beogh.
             Slain by a vampire (8 damage)
             ... on level 11 of the Dungeon.
             The game lasted 00:36:39 (9012 turns).

mezmerelda the Blocker (Hill Orc Fighter)           Turns: 9012, Time: 00:36:40

Health: -2/86      AC: 20    Str: 24    XL:     10   Next: 45%
Magic:  10/10      EV: 12    Int:  8    God:    Beogh [****..]
Gold:   807        SH: 17    Dex: 10    Spells: 9/9 levels left

rFire   + . .        a - +0 war axe (freeze)
rCold   . . .        l - +0 tower shield
rNeg    . . .        J - +2 chain mail {rPois}
rPois   +            c - +2 helmet
rElec   .            x - +2 cloak
rCorr   .            D - +0 pair of gloves
SInv    .            F - +0 pair of boots
Will    .....        (no amulet) Stlth
                     A - +5 ring of evasion
HPRegen 0.34/turn    o - ring of protection from fire
MPRegen 0.12/turn

%: no passive effects
@: no status effects
A: no striking features
a: Renounce Religion, Smiting, Recall Orcish Followers


You were on level 11 of the Dungeon.
You worshipped Beogh.
Beogh was greatly pleased with you.
You visited 3 branches of the dungeon, and saw 15 of its levels.

You collected 1093 gold pieces.
You spent 286 gold pieces at shops.

Inventory:

Hand Weapons
 a - a +0 war axe of freezing (weapon)
 w - a +3 mace of freezing
Armour
 c - a +2 helmet (worn)
 l - a +0 tower shield (worn)
 x - a +2 cloak (worn)
 D - a +0 pair of gloves (worn)
 F - a +0 pair of boots (worn)
 J - a +2 chain mail of poison resistance (worn)
Jewellery
 o - a ring of protection from fire (right hand)
 A - a +5 ring of evasion (left hand)
 C - a ring of poison resistance
Wands
 b - a wand of mindburst (4)
 d - a wand of iceblast (7)
 i - a wand of paralysis (8)
 t - a wand of polymorph (7)
 K - a wand of flame (24)
Scrolls
 e - a scroll of blinking {unknown}
 h - 3 scrolls of immolation {unknown}
 j - 5 scrolls of teleportation
 m - 4 scrolls of fear {unknown}
 n - a scroll of amnesia {unknown}
 q - 3 scrolls of identify
 r - 4 scrolls of poison {unknown}
 u - a scroll of enchant weapon {unknown}
 v - a scroll of noise {unknown}
 y - a scroll of silence
 E - 2 scrolls of revelation {unknown}
 H - a scroll of summoning {unknown}
 I - a scroll of vulnerability {unknown}
 L - a scroll of torment {unknown}
Potions
 f - 4 potions of curing
 g - 3 potions of haste
 k - 3 potions of heal wounds
 p - 4 potions of cancellation
 s - 3 potions of enlightenment
 z - 2 potions of lignification
 B - a potion of berserk rage
 G - a potion of invisibility


   Skills:
 - Level 7.0 Fighting
 + Level 8.4 Axes
 - Level 4.1 Armour
 - Level 14.0 Shields


You had 9 spell levels left.
You didn't know any spells.
Your spell library contained the following spells:

 Spells                   Type           Power      Damage    Failure   Level
 Necrotise                Necr           0%         1d4       99%         1
 Call Imp                 Summ           0%         N/A       100%        2
 Ensorcelled Hibernation  Hex/Ice        0%         N/A       100%        2
 Sublimation of Blood     Necr           0%         N/A       100%        2
 Dazzling Flash           Conj/Hex       0%         N/A       100%        3
 Passwall                 Erth           0%         N/A       100%        3
 Swiftness                Air            0%         N/A       100%        3
 Vampiric Draining        Necr           0%         2d6       100%        3
 Volatile Blastmotes      Fire/Tloc      0%         2d10      100%        3
 Manifold Assault         Tloc           0%         N/A       100%        4
 Martyr's Knell           Necr/Summ      0%         N/A       100%        4
 Curse of Agony           Necr           0%         N/A       100%        5
 Dispersal                Tloc           0%         N/A       100%        6
 Starburst                Conj/Fire      0%         6d3       100%        6
 Summon Hydra             Summ           0%         N/A       100%        7
 Disjunction              Tloc           0%         N/A       100%        8
 Maxwell's Capacitive Co  Air            0%         ∞         100%        8


Dungeon Overview and Level Annotations

Branches:
Dungeon (12/15)            Temple (1/1) D:7             Orc (2/2) D:9
   Lair: D:8-11         Elf: Orc:2

Altars:
Ashenzari
Cheibriados
Dithmenos
Elyvilon
Fedhas
Gozag
Hepliaklqana
Kikubaaqudgha
Makhleb
Nemelex Xobeh
Okawaru
Qazlal
Ru
Sif Muna
Trog
Uskayaw
Vehumet
Wu Jian
Yredelemnul
Zin
The Shining One

Shops:
D:6 !   D:8 ([

Annotations:
D:10 Josephine


Message History

Something draws strength from your injuries!
You miss something. Something hits you but does no damage.
Something bites you but does no damage.
You closely miss something. You block something's attack.
Something bites you but does no damage.
You hit something but do no damage.
You hear some strange, mumbled words.
You are confused.
You feel better. Something hits you but does no damage.
Something bites you but does no damage.
You miss something. Something hits you but does no damage.
Something bites you but does no damage. Something hits you.
Something bites you but does no damage.
You barely miss something. You block something's attack. x2
You barely miss something. You block something's attack. Something bites you.
Something draws strength from your injuries!
You barely miss something. Something hits you but does no damage.
Something bites you.
Something draws strength from your injuries!
You miss something. Something hits you. Something bites you.
* * * LOW HITPOINT WARNING * * *
Something draws strength from your injuries!
You slash something! Something hits you but does no damage.
Something bites you but does no damage.
You feel much better. Something barely misses you.
Something bites you but does no damage.
You hit something. You freeze something. Something draws life force from you!
You block something's attack. Something bites you but does no damage.
You slash something! Something hits you!
* * * LOW HITPOINT WARNING * * *
Something bites you but does no damage.
You closely miss something. You block something's attack.
Something bites you but does no damage.
You closely miss something.
You hear the thunderous beating of a very distant drum.
You block something's attack. Something bites you but does no damage.
You hit something. Something draws life force from you!
* * * LOW HITPOINT WARNING * * *
Something hits you!
You die...

##....###..###..)######
##....#..# #.........
#.##....# ##....####
#.####.## #....## ..#
##..##..##.>#
.#.###.......###..#
.#.##..###....###...
.##....## #..... .###
#....@# #..... ##
#..#..{# #.. #..#.....
.. ##...##..# ##.. #...
##. ..... ..#.. .....#


There were no monsters in sight!

Vanquished Creatures
  2 hornets
  3 wraiths (D:10)
  A warg (Orc:1)
  A vampire mosquito (D:11)
  2 steam dragons
  A water moccasin (D:7)
  2 orc warriors (Orc:1)
  A sky beast (D:8)
  3 ogres
  3 centaurs
  2 phantoms
  2 bullfrogs (D:7)
  A gnoll sergeant (D:7)
  A scorpion (D:3)
  9 wights
  9 killer bees
  2 howler monkeys
  A bombardier beetle (D:5)
  A lava snake (D:8)
  4 hounds
  An orc priest (D:5)
  2 jellies
  2 iguanas
  A sleepcap (D:4)
  Ijyb (D:5)
  4 orc wizards
  Natasha (thrice) (D:3)
  2 hell rats (D:7)
  Robin (D:2)
  4 gnolls (D:7)
  6 adders
  7 river rats (D:7)
  2 white imps (D:5)
  6 ufetubi
  2 ribbon worms
  A dart slug (D:3)
  22 orcs
  7 bats (D:1)
  7 endoplasms
  2 giant cockroaches
  19 goblins
  10 hobgoblins
  4 jackals (D:4)
  11 kobolds
  8 quokkas
  10 ball pythons
  5 frilled lizards
  22 rats
223 creatures vanquished.

Vanquished Creatures (collateral kills)
  2 orc warriors
  A kobold brigand (D:8)
  4 wights (D:8)
  2 killer bees (D:8)
  An orc priest (D:8)
  2 orc wizards (Orc:1)
  A shadow imp (D:8)
  5 orcs
  2 rats (D:7)
20 creatures vanquished.

Vanquished Creatures (others)
  3 orc warriors
  7 orc priests
  An orc wizard (Orc:1)
  9 orcs
20 creatures vanquished.

Grand Total: 263 creatures vanquished

Notes
Turn   | Place    | Note
-------+----------+-------------------------------------------
     0 | D:1      | mezmerelda the Hill Orc Fighter began the quest for the
                  | Orb.
     0 | D:1      | Reached XP level 1. HP: 19/19 MP: 1/1
    72 | D:1      | Reached XP level 2. HP: 9/27 MP: 2/2
   300 | D:2      | Reached XP level 3. HP: 33/33 MP: 3/3
   581 | D:4      | Reached XP level 4. HP: 39/40 MP: 4/4
   637 | D:4      | Reached skill level 4 in Shields
   928 | D:4      | Reached XP level 5. HP: 40/47 MP: 5/5
  1070 | D:5      | Entered Level 5 of the Dungeon
  1070 | D:5      | Noticed Ijyb
  1070 | D:5      | Noticed a phantom
  1088 | D:5      | Killed a phantom
  1089 | D:5      | Reached skill level 5 in Fighting
  1091 | D:5      | Reached skill level 5 in Axes
  1091 | D:5      | Reached XP level 6. HP: 38/56 MP: 6/6
  1093 | D:5      | Killed Ijyb
  1332 | D:5      | Became a worshipper of Beogh the Brigand
  1594 | D:2      | Noticed Robin
  1940 | D:1      | Reached * piety under Beogh
  2355 | D:2      | Killed Robin
  2839 | D:3      | Reached XP level 7. HP: 45/64 MP: 7/7
  3005 | D:3      | Noticed Natasha
  3015 | D:3      | Killed Natasha
  3166 | D:3      | Noticed Natasha
  3169 | D:3      | Killed Natasha
  3268 | D:3      | Reached ** piety under Beogh
  3268 | D:3      | Noticed Natasha
  3272 | D:3      | Killed Natasha
  3613 | D:5      | Reached skill level 5 in Shields
  3944 | D:6      | Reached skill level 6 in Shields
  3944 | D:6      | Reached XP level 8. HP: 40/73 MP: 8/8
  4116 | D:6      | Found a sparkling altar of Nemelex Xobeh.
  4143 | D:6      | Found Zafepec's Distillery.
  4151 | D:6      | Bought 2 potions of heal wounds for 130 gold pieces
  4151 | D:6      | Bought a potion of degeneration for 13 gold pieces
  4151 | D:6      | Bought a potion of curing for 39 gold pieces
  4151 | D:6      | Bought a potion of berserk rage for 65 gold pieces
  4151 | D:6      | Bought a potion of curing for 39 gold pieces
  4303 | D:6      | Reached skill level 7 in Shields
  4627 | D:6      | Found a stormy altar of Qazlal.
  4752 | D:6      | Found a snail-covered altar of Cheibriados.
  4756 | D:6      | Found a burning altar of Makhleb.
  4761 | D:6      | Found an ornate altar of the Wu Jian Council.
  5122 | D:7      | Reached skill level 8 in Shields
  5150 | D:7      | Found a broken altar of Ashenzari.
  5235 | D:7      | Found a staircase to the Ecumenical Temple.
  5283 | Temple   | Entered the Ecumenical Temple
  5316 | D:7      | Reached skill level 9 in Shields
  5453 | D:7      | Reached XP level 9. HP: 79/79 MP: 9/9
  5501 | D:7      | Reached skill level 10 in Shields
  5564 | D:7      | Reached *** piety under Beogh
  6054 | D:7      | Reached skill level 11 in Shields
  6137 | D:7      | Found an ancient bone altar of Kikubaaqudgha.
  6222 | D:7      | Found a white marble altar of Elyvilon.
  6673 | D:8      | Reached **** piety under Beogh
  6721 | D:8      | Found Yryzud's Antique Weapon Shoppe.
  6729 | D:8      | Reached skill level 12 in Shields
  6894 | D:8      | Gained Bladwarg as an ally
  7106 | D:8      | Found Ydahan's Antique Armour Boutique.
  7171 | D:8      | Noticed a hornet
  7182 | D:8      | Paralysed by a hornet for 2 turns
  7184 | D:8      | Killed a hornet
  7609 | D:9      | Found a staircase to the Orcish Mines.
  7610 | D:9      | Your ally Bladwarg died
  7624 | D:8      | Reached XP level 10. HP: 61/86 MP: 10/10
  7633 | D:8      | Reached skill level 13 in Shields
  7858 | D:9      | Paralysed by a hornet for 1 turns
  8002 | Orc:1    | Entered Level 1 of the Orcish Mines
  8451 | Orc:2    | Entered Level 2 of the Orcish Mines
  8556 | Orc:2    | Noticed a kobold blastminer
  8618 | D:9      | Found a shadowy altar of Dithmenos.
  8688 | D:9      | Found a radiant altar of Vehumet.
  8746 | D:9      | You fall into a shaft and drop 3 floors!
  8748 | D:12     | Noticed a cyclops
  8772 | D:11     | Reached skill level 14 in Shields
  8826 | D:10     | Entered Level 10 of the Dungeon
  8910 | D:10     | Noticed Josephine
  9012 | D:11     | Slain by a vampire

Illustrated notes

Levels and vault maps discovered:
D:1:      minmay_arrival_hallway, layout_loops_ring
D:2:      layout_rooms, uniq_robin
D:3:      layout_loops_ring, uniq_natasha
D:4:      layout_rooms
D:5:      layout_rooms, uniq_ijyb
D:6:      layout_loops_corners, nemelex_diamond_rough_becter,
          grunt_temple_overflow_diamond, grunt_qazlal_clouds, serial_shops, shop
D:7:      lemuel_ratsnest, layout_loops_corners, lemuel_doored_altar,
          kennysheep_little_box, ashenzari_altar_1,
          minmay_temple_entry_gardened_gates
D:8:      layout_basic, serial_shops, nicolae_inconvenience_store, shop,
          grunt_decor_arrowhead
D:9:      layout_cave_pools, vehumet_altar_wand_db,
          grunt_dithmenos_smoke_and_mirrors, orc_0_dummy
D:10:     layout_grid_maze, mainiacjoe_overflow_chevrons, uniq_josephine,
          uniq_sonja, uniq_fannar
D:11:     minmay_the_grid_octo_2x2 [minmay_the_grid_octo_fat_diamond,
          minmay_the_grid_octo_checkerflower, minmay_the_grid_octo_focus,
          minmay_the_grid_octo_prize_big_c], layout_layer_cave,
          lair_entry_dummy, serial_shops, shop, gauntlet_entry_generic,
          lemuel_nasty_fountain
D:12:     layout_loops_ring, serial_shops, shop
Temple:   nicolae_temple_ecumenical_triangle
Orc:1:    layout_caves, guppyfry_library_mini
Orc:2:    grunt_orc_community_town_hall, layout_caves,
          grunt_orc_community_big_house_1, grunt_orc_community_big_house_1,
          grunt_orc_community_house_3, grunt_orc_community_house_1,
          grunt_orc_community_house_3, grunt_orc_community_house_2,
          nicolae_orc_rockfall, nicolae_shop_gadgets

Skill      XL: |  1  2  3  4  5  6  7  8  9 10 |
---------------+-------------------------------+-----
Axes           | 3 4 5 6 7 8 |  8.4
Fighting       | 4 5 6 7 |  7.0
Armour         | 4 |  4.1
Shields        | 4 6 9 12 14 | 14.0

Action                     |  1- 3 |  4- 6 |  7- 9 | 10-12 || total
---------------------------+-------+-------+-------+-------++-------
  Melee: War axe           |   104 |   183 |   380 |   174 ||   841
 Invoke: Convert to Beogh  |       |     1 |       |       ||     1
         Recall Orcish Fol |       |       |     1 |       ||     1
    Use: Potion            |       |     3 |       |     2 ||     5
         Scroll            |       |       |     5 |     1 ||     6
 Armour: Scale mail        |    51 |   131 |   205 |    37 ||   424
         Chain mail        |       |       |       |    91 ||    91
  Dodge: Dodged            |    34 |    69 |   180 |    65 ||   348
  Block: Buckler           |    32 |    32 |    10 |       ||    74
         Tower shield      |       |       |   350 |   175 ||   525
